 Dungeon Crawl Stone Soup version 0.26-a0-597-gb535b0901c (webtiles) character file.

Game seed: 16070198177754997117

97 Goblin1989 the Sneak (level 4, -4/22 HPs)
             Began as a Spriggan Brigand on Aug 28, 2020.
             Killed from afar by an orc wizard (12 damage)
             ... with a magic dart
             ... on level 3 of the Dungeon.
             The game lasted 00:02:55 (2136 turns).

Goblin1989 the Sneak (Spriggan Brigand)             Turns: 2136, Time: 00:02:56

Health: -4/22      AC:  3    Str:  7    XL:     4   Next: 42%
Magic:  5/5        EV: 17    Int: 12    God:
Gold:   127        SH:  0    Dex: 18    Spells: 3/3 levels left

rFire    . . .     SeeInvis +   a - +2 dagger
rCold    . . .     Faith    .   (shield restricted)
rNeg     . . .     Spirit   .   b - +0 robe
rPois    .         Reflect  .   (helmet restricted)
rElec    .         Harm     .   c - +0 cloak
rCorr    .                      (gloves unavailable)
MR       +....                  (boots unavailable)
Stlth    ++++......             (no amulet)
HPRegen  0.07/turn              m - ring of protection from magic
MPRegen  0.09/turn              (no ring)

@: lethally poisoned (-4 -> -10), very quick
A: very small, unfitting armour, see invisible, speed 3
a: no special abilities


You were on level 3 of the Dungeon.
You visited 1 branch of the dungeon, and saw 3 of its levels.

You collected 127 gold pieces.

Inventory:

Hand Weapons
 a - a +2 dagger (weapon)
Missiles
 d - 8 poisoned darts (quivered)
 e - 2 curare-tipped darts
 f - 120 stones {@Q3}
 u - 8 arrows
 v - 43 bolts
Armour
 b - a +0 robe (worn)
 c - a +0 cloak (worn)
Jewellery
 m - a ring of protection from magic (left hand)
Scrolls
 i - 2 scrolls of identify {unknown}
 n - 2 scrolls of remove curse {unknown}
 p - a scroll of noise {unknown}
 r - 2 scrolls of immolation {unknown}
 s - a scroll of enchant armour {unknown}
 w - a scroll of teleportation {unknown}
Potions
 g - 2 potions of mutation {unknown}
 o - a potion of might {unknown}
 q - a potion of cancellation {unknown}
 t - a potion of curing {unknown}


   Skills:
 - Level 1.5 Fighting
 * Level 4.4 Short Blades
 - Level 2.0 Throwing
 - Level 1.5 Dodging
 + Level 7.0 Stealth


You had 3 spell levels left.
You didn't know any spells.
Your spell library was empty.

Dungeon Overview and Level Annotations

Branches:
Dungeon (3/15)

Altars:
Trog


Innate Abilities, Weirdness & Mutations

You are very small and have problems with some larger weapons.
You are too small for most types of armour.
You have supernaturally acute eyesight. (SInv)
You cover ground extremely quickly.


Message History

Found 13 gold pieces.
Things that are here:
14 stones {@Q3}; a kobold corpse You barely miss the bat.
The bat misses you. The bat closely misses you.
You hit the bat.
The bat is moderately wounded.
The bat barely misses you.
You hit the bat but do no damage.
The bat is moderately wounded.
The bat hits you.
You take 1 damage, and have 18/22 hp.
The bat barely misses you. The bat closely misses you.
You hit the bat but do no damage.
The bat is moderately wounded.
The bat misses you.
You completely miss the bat.
The bat is moderately wounded.
The bat barely misses you.
You hit the bat.
The bat is moderately wounded.
The bat misses you.
You hit the bat.
The bat is severely wounded.
The bat barely misses you. The bat closely misses you.
You hit the bat.
You kill the bat!
No target in view!
No target in view!
No target in view!
No target in view!
No target in view!
No target in view!
No target in view!
No target in view!
No target in view!
No target in view!
No target in view!
No target in view!
No target in view!
No target in view!
No target in view!
No target in view!
No target in view!
HP restored.
You now have 127 gold pieces (gained 13).
An orc wizard comes into view. It is wielding a +0 dagger.
Health restored: 22 An orc wizard is nearby!
An orc wizard is nearby!
An orc wizard is nearby!
An orc and an orc wizard come into view.
The orc is wielding a +0 mace and quivering 17 poisoned darts.
An orc comes into view. It is wielding a +1 vorpal hand axe.
The orc wizard shouts!
The orc shouts! x2; You hear a shout!
The orc throws a poisoned dart.
The poisoned dart hits you!
You are poisoned.
You see here a poisoned dart.
You feel sick.
You take 1 damage, and have 21/22 hp.
You barely miss the orc wizard.
You feel sick.
You take 1 damage, and have 20/22 hp.
The orc wizard shouts!
You hit the orc wizard but do no damage.
You feel sick.
The orc wizard hits you but does no damage.
A kobold comes into view.
You take 1 damage, and have 19/22 hp.
You barely miss the orc wizard.
The kobold throws a stone.
The stone misses you. The orc misses you.
You barely miss the orc wizard.
You feel sick. The orc wizard completely misses you.
The kobold throws a stone.
The stone hits you but does no damage.
You hit the orc wizard.
The orc wizard is lightly wounded.
The orc hits you with a +1 vorpal hand axe.
The orc closely misses you.
The orc wizard hits you but does no damage.
You miss the orc wizard.
The orc wizard is lightly wounded.
You feel sick. The orc wizard closely misses you.
The orc hits you with a +1 vorpal hand axe.
* * * LOW HITPOINT WARNING * * *
The orc closely misses you.
You are too injured to fight recklessly!
You are too injured to fight recklessly!
You take 11 damage, and have 8/22 hp.
MASSIVE DAMAGE!!
You are too injured to fight recklessly!
You are too injured to fight recklessly!
You are too injured to fight recklessly!
You are too injured to fight recklessly!
You are too injured to fight recklessly!
You are too injured to fight recklessly!
You are too injured to fight recklessly!
You are too injured to fight recklessly!
The orc wizard casts a spell at you. The magic dart hits you!
Ouch! That really hurt!
You die...

█.███.███████
█.███.......█
█....██████.█ ████.██†..█
█......█ ███...███ █.....█
█████...█.█ ████.@oo.███.█
█.....(o.....█
████████████.██(..o..████
...........)...........K.
.............(...........
≈≈≈≈≈..≈≈....(≈≈.≈≈..≈≈≈≈≈
≈≈≈≈≈≈≈≈≈†....≈≈≈≈≈≈≈≈≈≈≈≈
≈≈≈≈≈≈≈≈≈≈....≈≈≈≈≈≈≈≈≈≈≈≈
≈≈≈≈≈≈≈≈≈≈....≈≈≈≈≈≈≈≈≈≈≈


You could see 2 orc wizards, 2 orcs and a kobold.

Vanquished Creatures
  A centaur skeleton (D:2)
  An adder (D:2)
  2 worms (D:2)
  3 dart slugs (D:1)
  A leopard gecko (D:3)
  A giant cockroach (D:2)
  6 hobgoblins
  8 kobolds
  10 bats
  3 frilled lizards
  8 goblins
  3 rats
47 creatures vanquished.

Notes
Turn   | Place    | Note
-------+----------+-------------------------------------------
     0 | D:1      | Goblin1989 the Spriggan Brigand began the quest for the
                  | Orb.
     0 | D:1      | Reached XP level 1. HP: 10/10 MP: 2/2
   121 | D:1      | Reached skill level 6 in Stealth
   126 | D:1      | Reached XP level 2. HP: 7/14 MP: 3/3
  1194 | D:1      | Reached XP level 3. HP: 18/18 MP: 4/4
  1411 | D:2      | Reached XP level 4. HP: 22/22 MP: 5/5
  1425 | D:2      | Found a bloodstained altar of Trog.
  2020 | D:3      | Reached skill level 7 in Stealth
  2136 | D:3      | Killed from afar by an orc wizard

Illustrated notes

Levels and vault maps discovered:
D:1:      nagdon_arrival_zigzag_paths, layout_basic
D:2:      layout_rooms, nicolae_overflow_hidden_temple, grunt_ministairs_4
D:3:      minmay_goblin_kobold_castle, layout_basic

Skill      XL: |  1  2  3  4 |
---------------+-------------+-----
Stealth        | 6 7 |  7.0
Short Blades   | 3 4 |  4.4
Fighting       | |  1.5
Throwing       | |  2.0
Dodging        | |  1.5

Action                   |  1- 3 |  4- 6 || total
-------------------------+-------+-------++-------
Melee: Dagger            |    88 |    55 ||   143
 Stab: Sleeping          |     9 |     6 ||    15
Armor: Robe              |    15 |     4 ||    19
Dodge: Dodged            |    63 |    38 ||   101

Table legend: (Time is in decaauts)
 A = Elapsed time spent in this place.
 B = Non-inter-level travel time spent in this place.
 C = Inter-level travel time spent in this place.
 D = Time resting spent in this place.
 E = Time spent auto-exploring this place.
 F = Levels seen in this place.
 G = Mean time per level.
                   A        B        C        D        E       F      G
               +--------+--------+--------+--------+--------+-----+--------+
         Total |   1623 |   1583 |     40 |      0 |   1337 |   3 |  541.0 |
       Dungeon |   1623 |   1583 |     40 |      0 |   1337 |   3 |  541.0 |
               +--------+--------+--------+--------+--------+-----+--------+

Top non-repeatable levels by time:
     D:1: 981 daAuts
     D:2: 528 daAuts
     D:3: 113 daAuts
